| TOP OF THE 1ST |
|
Paris Cubs batting - Pitching for Windy City ThunderBolts : LHP Tom White
|
|
Pitching: LHP Tom White
|
|
|
Batting: SHB Jim Lloyd
|
0-0: Called Strike 0-1: Ball 1-1: Ball 2-1: Foul Ball, location: 2F 2-2: Strikes out swinging
|
|
Batting: RHB Dave de Wolff
|
0-0: Fly out, F8 (Flyball, 8RM, EV 88.8 MPH)
|
|
Batting: RHB Jorge Lagunas
|
0-0: Ball 1-0: Called Strike 1-1: Swinging Strike 1-2: Strikes out swinging
|
| Top of the 1st over - 0 runs, 0 hits, 0 errors, 0 left on base; Paris 0 - Windy City 0 |
| BOTTOM OF THE 1ST |
|
Windy City ThunderBolts batting - Pitching for Paris Cubs : RHP Chris P. Shephard
|
|
Pitching: RHP Chris P. Shephard
|
|
|
Batting: RHB David Laureano
|
0-0: Fly out, F9 (Flyball, 9D, EV 95.6 MPH)
|
|
Batting: SHB Andres Agudo
|
0-0: Swinging Strike 0-1: Fly out, F6 (Line Drive, 6, EV 69.4 MPH)
|
|
Batting: RHB Brad Adams Jr.
|
0-0: Fly out, F7 (Flyball, 7LS, EV 78.8 MPH)
|
| Bottom of the 1st over - 0 runs, 0 hits, 0 errors, 0 left on base; Paris 0 - Windy City 0 |
| TOP OF THE 2ND |
|
Paris Cubs batting - Pitching for Windy City ThunderBolts : LHP Tom White
|
|
Batting: RHB Bartolo Aguilar
|
0-0: Ball 1-0: Foul Ball, location: 2F 1-1: Foul Ball, location: 2F 1-2: Ball 2-2: Foul Ball, location: 2F 2-2: Strikes out swinging
|
|
Batting: RHB Dan Orozco
|
0-0: Called Strike 0-1: Foul Ball, location: 2F 0-2: Foul Ball, location: 2F 0-2: Strikes out swinging
|
|
Batting: RHB Mike Stein
|
0-0: Ball 1-0: Foul Ball, location: 2F 1-1: Ball 2-1: Swinging Strike 2-2: Strikes out swinging
|
| Top of the 2nd over - 0 runs, 0 hits, 0 errors, 0 left on base; Paris 0 - Windy City 0 |
| BOTTOM OF THE 2ND |
|
Windy City ThunderBolts batting - Pitching for Paris Cubs : RHP Chris P. Shephard
|
|
Batting: SHB Noah Long
|
0-0: Ball 1-0: SINGLE (Line Drive, 8LS, EV 103.8 MPH)
|
|
Batting: SHB Veit Geisler
|
0-0: SINGLE (Groundball, 34D, EV 108.8 MPH) Noah Long to second Runner from 2nd tries for 3rd, SAFE, throw by RF made to third
|
|
Batting: RHB Joe Thomas
|
0-0: Foul Ball, location: 2F 0-1: Ball 1-1: Fly out, F8 (Flyball, 8RD, EV 96.2 MPH) Runner from 3rd tags up, SCORES, throw by CF
|
|
Batting: LHB Prince Nunley
|
0-0: Called Strike 0-1: Ball 1-1: SINGLE (Groundball, 4D, EV 95.0 MPH) Veit Geisler to second Runner from 2nd tries for 3rd, SAFE, throw by RF made to third
|
|
Batting: LHB Jose Pereyra
|
0-0: Called Strike 0-1: Fielders Choice at 2nd, 6-4 (Groundball, 6, EV 85.6 MPH) Veit Geisler scores
|
|
Batting: RHB David Cortez
|
0-0: Called Strike 0-1: Called Strike 0-2: SINGLE (Groundball, 6D, EV 96.9 MPH) Jose Pereyra to second
|
|
Batting: RHB David Laureano
|
0-0: Ball 1-0: Called Strike 1-1: SINGLE (Groundball, 34D, EV 96.9 MPH) Jose Pereyra to third David Cortez to second
|
|
Batting: SHB Andres Agudo
|
0-0: Swinging Strike 0-1: Called Strike 0-2: Ball 1-2: Strikes out swinging
|
| Bottom of the 2nd over - 2 runs, 5 hits, 0 errors, 3 left on base; Paris 0 - Windy City 2 |
| TOP OF THE 3RD |
|
Paris Cubs batting - Pitching for Windy City ThunderBolts : LHP Tom White
|
|
Batting: RHB Steve Vint
|
0-0: Called Strike 0-1: Ball 1-1: Foul Ball, location: 2F 1-2: Ball 2-2: Strikes out swinging
|
|
Batting: RHB Jorge Gonzalez
|
0-0: Ball 1-0: Ball 2-0: Foul Ball, location: 2F 2-1: Foul Ball, location: 2F 2-2: Strikes out swinging
|
|
Batting: RHB Willie Rubio
|
0-0: Ground out 6-3 (Groundball, 6M, EV 97.5 MPH)
|
| Top of the 3rd over - 0 runs, 0 hits, 0 errors, 0 left on base; Paris 0 - Windy City 2 |
| BOTTOM OF THE 3RD |
|
Windy City ThunderBolts batting - Pitching for Paris Cubs : RHP Chris P. Shephard
|
|
Batting: RHB Brad Adams Jr.
|
0-0: Ball 1-0: Ball 2-0: Swinging Strike 2-1: Foul Ball, location: 2F 2-2: Ball 3-2: Ground out 4-3 (Groundball, 4M, EV 81.9 MPH)
|
|
Batting: SHB Noah Long
|
0-0: Called Strike 0-1: Foul Ball, location: 2F 0-2: Foul Ball, location: 2F 0-2: Strikes out swinging
|
|
Batting: SHB Veit Geisler
|
0-0: Ball 1-0: Ball 2-0: Ball 3-0: Base on Balls
|
|
Batting: RHB Joe Thomas
|
0-0: Ball 1-0: Ball 2-0: 2-RUN HOME RUN (Flyball, 7D, EV 93.8 MPH), Distance : 364 ft
|
|
Batting: LHB Prince Nunley
|
0-0: Ball 1-0: Swinging Strike 1-1: Called Strike 1-2: Foul Ball, location: 2F 1-2: Strikes out looking
|
| Bottom of the 3rd over - 2 runs, 1 hit, 0 errors, 0 left on base; Paris 0 - Windy City 4 |
| TOP OF THE 4TH |
|
Paris Cubs batting - Pitching for Windy City ThunderBolts : LHP Tom White
|
|
Batting: SHB Jim Lloyd
|
0-0: Ball 1-0: Ball 2-0: Swinging Strike 2-1: Foul Ball, location: 2F 2-2: Ball 3-2: Fly out, F8 (Flyball, 89M, EV 78.8 MPH)
|
|
Batting: RHB Dave de Wolff
|
0-0: Called Strike 0-1: Ball 1-1: Ball 2-1: Foul Ball, location: 2F 2-2: Strikes out looking
|
|
Batting: RHB Jorge Lagunas
|
0-0: Ball 1-0: Ball 2-0: Swinging Strike 2-1: Called Strike 2-2: Strikes out swinging
|
| Top of the 4th over - 0 runs, 0 hits, 0 errors, 0 left on base; Paris 0 - Windy City 4 |
| BOTTOM OF THE 4TH |
|
Windy City ThunderBolts batting - Pitching for Paris Cubs : RHP Chris P. Shephard
|
|
Batting: LHB Jose Pereyra
|
0-0: Ball 1-0: Ball 2-0: Foul Ball, location: 2F 2-1: Ball 3-1: Base on Balls
|
|
Batting: RHB David Cortez
|
0-0: Ball 1-0: Grounds into double play, 4-6-3 (Groundball, 34S, EV 83.8 MPH)
|
|
Pitching: LHP Jerry Tyson
|
|
|
Batting: RHB David Laureano
|
0-0: Ball 1-0: Ball 2-0: Ball 3-0: Called Strike 3-1: Base on Balls
|
|
Batting: SHB Andres Agudo
|
0-0: Ball 1-0: Foul Ball, location: 2F 1-1: Foul Ball, location: 2F 1-2: Strikes out swinging
|
| Bottom of the 4th over - 0 runs, 0 hits, 0 errors, 1 left on base; Paris 0 - Windy City 4 |
| TOP OF THE 5TH |
|
Paris Cubs batting - Pitching for Windy City ThunderBolts : LHP Tom White
|
|
Batting: RHB Bartolo Aguilar
|
0-0: Called Strike 0-1: Called Strike 0-2: Strikes out swinging
|
|
Batting: RHB Dan Orozco
|
0-0: Ball 1-0: Ball 2-0: Called Strike 2-1: Called Strike 2-2: Strikes out looking
|
|
Batting: RHB Mike Stein
|
0-0: Ground out 6-3 (Groundball, 6, EV 100.0 MPH)
|
| Top of the 5th over - 0 runs, 0 hits, 0 errors, 0 left on base; Paris 0 - Windy City 4 |
| BOTTOM OF THE 5TH |
|
Windy City ThunderBolts batting - Pitching for Paris Cubs : LHP Jerry Tyson
|
|
Batting: RHB Brad Adams Jr.
|
0-0: Foul Ball, location: 2F 0-1: Ball 1-1: Ground out 6-3 (Groundball, 6, EV 85.6 MPH)
|
|
Batting: SHB Noah Long
|
0-0: Ball 1-0: Ball 2-0: Ball 3-0: Base on Balls
|
|
Batting: SHB Veit Geisler
|
0-0: Ball 1-0: Ball 2-0: Foul Ball, location: 2F 2-1: Swinging Strike 2-2: Ball 3-2: Base on Balls Noah Long to second
|
|
Pitching: RHP Brian Jarrett
|
|
|
Batting: RHB Joe Thomas
|
0-0: Reached on error, E3 (Groundball, 34, EV 81.9 MPH) Noah Long to third Veit Geisler to second
|
|
Batting: LHB Prince Nunley
|
0-0: Called Strike 0-1: Ball 1-1: Ball 2-1: Foul Ball, location: 2F 2-2: Strikes out swinging
|
|
Batting: LHB Jose Pereyra
|
0-0: Swinging Strike 0-1: Swinging Strike 0-2: Ball 1-2: Ball 2-2: Strikes out swinging
|
| Bottom of the 5th over - 0 runs, 0 hits, 1 error, 3 left on base; Paris 0 - Windy City 4 |
| TOP OF THE 6TH |
|
Paris Cubs batting - Pitching for Windy City ThunderBolts : LHP Tom White
|
|
Batting: RHB Steve Vint
|
0-0: Ball 1-0: Ball 2-0: Called Strike 2-1: Foul Ball, location: 2F 2-2: Strikes out swinging
|
|
Batting: RHB Jorge Gonzalez
|
0-0: Ball 1-0: Ball 2-0: Called Strike 2-1: Foul Ball, location: 2F 2-2: Strikes out swinging
|
|
Batting: RHB Willie Rubio
|
0-0: Ball 1-0: Ball 2-0: Called Strike 2-1: Ball 3-1: Called Strike 3-2: Strikes out swinging
|
| Top of the 6th over - 0 runs, 0 hits, 0 errors, 0 left on base; Paris 0 - Windy City 4 |
| BOTTOM OF THE 6TH |
|
Windy City ThunderBolts batting - Pitching for Paris Cubs : RHP Brian Jarrett
|
|
Batting: RHB David Cortez
|
0-0: Ground out 6-3 (Groundball, 56, EV 88.1 MPH)
|
|
Batting: RHB David Laureano
|
0-0: Called Strike 0-1: Ball 1-1: SINGLE (Line Drive, 9S, EV 105.0 MPH)
|
|
Batting: SHB Andres Agudo
|
0-0: Ball David Laureano steals 2nd base 1-0: Ball 2-0: Foul Ball, location: 2F 2-1: Ball 3-1: Swinging Strike 3-2: Foul Ball, location: 2F 3-2: Ground out 4-3 (Groundball, 4, EV 84.4 MPH) David Laureano to third
|
|
Batting: RHB Brad Adams Jr.
|
0-0: Ball 1-0: Fly out, F7 (Line Drive, 7, EV 86.9 MPH)
|
| Bottom of the 6th over - 0 runs, 1 hit, 0 errors, 1 left on base; Paris 0 - Windy City 4 |
| TOP OF THE 7TH |
|
Paris Cubs batting - Pitching for Windy City ThunderBolts : LHP Tom White
|
|
Batting: SHB Jim Lloyd
|
0-0: Ground out 5-3 (Groundball, 56S, EV 88.1 MPH)
|
|
Batting: RHB Dave de Wolff
|
0-0: Ball 1-0: Ball 2-0: SOLO HOME RUN (Flyball, 9LD, EV 91.2 MPH), Distance : 357 ft
|
|
Batting: RHB Jorge Lagunas
|
0-0: Swinging Strike 0-1: Swinging Strike 0-2: Ball 1-2: Ball 2-2: Strikes out swinging
|
|
Batting: RHB Bartolo Aguilar
|
0-0: Called Strike 0-1: Swinging Strike 0-2: Ball 1-2: Foul Ball, location: 2F 1-2: Ball 2-2: Ground out 4-3 (Groundball, 4S, EV 84.4 MPH)
|
| Top of the 7th over - 1 run, 1 hit, 0 errors, 0 left on base; Paris 1 - Windy City 4 |
| BOTTOM OF THE 7TH |
|
Windy City ThunderBolts batting - Pitching for Paris Cubs : RHP Brian Jarrett
|
|
Batting: SHB Noah Long
|
0-0: Ball 1-0: Ball 2-0: Called Strike 2-1: Swinging Strike 2-2: Foul Ball, location: 2F 2-2: Foul Ball, location: 2F 2-2: Ball 3-2: Base on Balls
|
|
Batting: SHB Veit Geisler
|
0-0: Foul Ball, location: 2F 0-1: Foul Ball, location: 2F 0-2: 2-RUN HOME RUN (Flyball, 9D, EV 95.6 MPH), Distance : 375 ft
|
|
Batting: RHB Joe Thomas
|
0-0: Foul Ball, location: 2F 0-1: Foul Ball, location: 2F 0-2: Ball 1-2: Foul Ball, location: 2F 1-2: Strikes out swinging
|
|
Batting: LHB Prince Nunley
|
0-0: Called Strike 0-1: Called Strike 0-2: Ball 1-2: Ball 2-2: SINGLE (Line Drive, 9S, EV 108.1 MPH)
|
|
Batting: LHB Jose Pereyra
|
0-0: Ball 1-0: Ball Pickoff Throw to First - Error! E1 Prince Nunley to second 2-0: Foul Ball, location: 2F 2-1: Foul Ball, location: 2F 2-2: Ball 3-2: DOUBLE (Groundball, 3L, EV 100.6 MPH) Prince Nunley scores
|
|
Batting: RHB David Cortez
|
0-0: Ball 1-0: Ball 2-0: Foul Ball, location: 2F 2-1: Ground out 5-3 (Groundball, 56, EV 85.0 MPH)
|
|
Batting: RHB David Laureano
|
0-0: Ball 1-0: Ball 2-0: Ball 3-0: Called Strike 3-1: Swinging Strike 3-2: Base on Balls
|
|
Pitching: RHP Joshua Vincent
|
|
|
Batting: SHB Andres Agudo
|
0-0: Ball 1-0: SINGLE (Groundball, 34S, EV 69.4 MPH) (infield hit) Jose Pereyra to third David Laureano to second
|
|
Batting: RHB Brad Adams Jr.
|
0-0: Ball 1-0: Ball 2-0: Ball 3-0: Base on Balls Jose Pereyra scores David Laureano to third Andres Agudo to second
|
|
Batting: SHB Noah Long
|
0-0: Ball 1-0: Ball 2-0: Foul Ball, location: 2F 2-1: Called Strike 2-2: Foul Ball, location: 2F 2-2: Strikes out looking
|
| Bottom of the 7th over - 4 runs, 4 hits, 1 error, 3 left on base; Paris 1 - Windy City 8 |
| TOP OF THE 8TH |
|
Paris Cubs batting - Pitching for Windy City ThunderBolts : LHP Tom White
|
|
Batting: RHB Dan Orozco
|
0-0: Called Strike 0-1: Ball 1-1: Ball 2-1: Foul Ball, location: 2F 2-2: Foul Ball, location: 2F 2-2: Strikes out looking
|
|
Batting: RHB Mike Stein
|
0-0: Ball 1-0: SINGLE (Flyball, 5D, EV 91.2 MPH)
|
|
Batting: RHB Steve Vint
|
0-0: Sac Bunt to 13S - play at first, batter OUT! 1-3 Mike Stein to second
|
|
Batting: RHB Jorge Gonzalez
|
0-0: Ball 1-0: Called Strike 1-1: Ball 2-1: Swinging Strike 2-2: Foul Ball, location: 2F 2-2: Foul Ball, location: 2F 2-2: Ball 3-2: Strikes out swinging
|
| Top of the 8th over - 0 runs, 1 hit, 0 errors, 1 left on base; Paris 1 - Windy City 8 |
| BOTTOM OF THE 8TH |
|
Windy City ThunderBolts batting - Pitching for Paris Cubs : RHP Joshua Vincent
|
|
Batting: SHB Veit Geisler
|
0-0: Foul Ball, location: 2F 0-1: Ball 1-1: Ball 2-1: Fly out, F9 (Line Drive, 9, EV 95.0 MPH)
|
|
Batting: RHB Joe Thomas
|
0-0: Fly out, F7 (Line Drive, 7LM, EV 99.4 MPH)
|
|
Batting: LHB Prince Nunley
|
0-0: Ball 1-0: Ball 2-0: SINGLE (Groundball, 4MD, EV 104.4 MPH)
|
|
Batting: LHB Jose Pereyra
|
0-0: Foul Ball, location: 2F 0-1: Swinging Strike 0-2: Strikes out swinging
|
| Bottom of the 8th over - 0 runs, 1 hit, 0 errors, 1 left on base; Paris 1 - Windy City 8 |
| TOP OF THE 9TH |
|
Paris Cubs batting - Pitching for Windy City ThunderBolts : LHP Tom White
|
|
Pitching: RHP Tristan Chapple
|
|
|
Batting: RHB Willie Rubio
|
0-0: Swinging Strike 0-1: Ball 1-1: Swinging Strike 1-2: Ball 2-2: Ball 3-2: Foul Ball, location: 2F 3-2: Strikes out looking
|
|
Batting: SHB Jim Lloyd
|
0-0: Ball 1-0: Ball 2-0: Ball 3-0: Base on Balls
|
|
Batting: RHB Dave de Wolff
|
0-0: Called Strike 0-1: Ball 1-1: Fielders Choice at 2nd, 5-4 (Groundball, 56, EV 86.9 MPH)
|
|
Batting: RHB Jorge Lagunas
|
0-0: Ball 1-0: Called Strike 1-1: Foul Ball, location: 2F 1-2: Ball 2-2: Strikes out swinging
|
| Top of the 9th over - 0 runs, 0 hits, 0 errors, 1 left on base; Paris 1 - Windy City 8 |
|